 Dungeon Crawl Stone Soup version 0.28.0-53-g5a82cb258f (webtiles) character file.

Game seed: 14760181719972278221

1081 Bruhh the Magician (level 8, 0/58 HPs)
             Began as a Djinni Earth Elementalist on May 26, 2022.
             Was a Follower of the Shining One.
             Shot with an arrow by a centaur (11 damage)
             ... on level 5 of the Dungeon.
             The game lasted 00:06:01 (6058 turns).

Bruhh the Magician (Djinni Earth Elementalist)      Turns: 6058, Time: 00:06:02

Health: 0/58       AC:  2    Str:  7    XL:     8   Next: 55%
Gold:   122        EV: 12    Int: 20    God:    the Shining One [*.....] SH:  0 Dex: 13

rFire   + + .      SeeInvis .   a - +2 whip (venom)
rCold   x . .      Faith    .   (no shield)
rNeg    . . .      Spirit   .   b - +0 robe
rPois   ∞          Reflect  .   (no helmet)
rElec   .          Harm     .   (no cloak)
rCorr   .          Rampage  .   (no gloves)
Will    .....                   (boots unavailable)
Stlth   +.........              (no amulet)
HPRegen 0.19/turn               g - ring of wizardry
MPRegen 0.00/turn               (no ring)

@: flying, glowing
A: sickness immunity, fire resistance 2, cold vulnerability 1, float, innate
caster, HP casting, extra vitality 1
a: Renounce Religion, Divine Shield


You were on level 5 of the Dungeon.
You worshipped the Shining One.
The Shining One was aware of your devotion.
You visited 1 branch of the dungeon, and saw 5 of its levels.

You collected 122 gold pieces.

Inventory:

Hand Weapons
 a - a +2 whip of venom (weapon)
 m - a +2 dagger of speed
Missiles
 c - 62 stones
Armour
 b - a +0 robe (worn)
Jewellery
 g - a ring of wizardry (left hand)
Wands
 k - a wand of flame (18)
Scrolls
 d - 4 scrolls of amnesia
 e - a scroll of vulnerability
 h - a scroll of teleportation {unknown}
 o - 2 scrolls of enchant armour {unknown}
 q - a scroll of acquirement {unknown}
 s - a scroll of brand weapon {unknown}
Potions
 f - a potion of mutation {unknown}
 i - a potion of flight {unknown}
 j - 3 potions of curing
 l - a potion of berserk rage {unknown}
 n - a potion of haste {unknown}
 p - 2 potions of brilliance {unknown}
 r - 2 potions of heal wounds


   Skills:
 + Level 4.0 Fighting
 - Level 2.1 Dodging
 - Level 1.5 Stealth
 - Level 7.0 Spellcasting


You had 5 spell levels left.
You knew the following spells:

 Your Spells              Type           Power      Damage    Failure   Level
a - Sandblast             Erth           70%        2d15      1%          1
b - Passwall              Tmut/Erth      29%        N/A       1%          2
c - Stone Arrow           Conj/Erth      70%        3d11      1%          3
d - Petrify               Tmut/Erth      35%        N/A       2%          4
e - Foxfire               Conj/Fire      100%       2x1d9     1%          1
f - Scorch                Fire           70%        2d9       1%          2
g - Inner Flame           Hex/Fire       35%        N/A       1%          3
Your spell library was empty.

Dungeon Overview and Level Annotations

Branches:
Dungeon (5/15)
 Temple: D:4-7

Altars:
Gozag
Okawaru
Uskayaw
Yredelemnul
The Shining One

Shops:
D:4 *


Innate Abilities, Weirdness & Mutations

You are immune to sickness and miasma.
You are immune to poison.
Your flesh is very heat resistant. (rF++)
You are vulnerable to cold. (rC-)
You float through the air rather than walking.
You learn spells naturally, not from books.
Your magical power is your life essence.
You have superior vitality. (+4 MHP)


Message History

The sky beast is engulfed in blazing flames.
Flame seeps out of the sky beast.
Flames lash the centaur zombie.
The centaur zombie is moderately damaged.
The centaur zombie's fire resistance burns away.
The centaur zombie is engulfed in blazing flames.
Flames lash the sky beast.
The sky beast is burned terribly!
The sky beast explodes!
The fiery explosion engulfs the centaur zombie!!
The centaur zombie is burned terribly!
You destroy the centaur zombie!
The Shining One accepts your kill. The fiery explosion engulfs you! You resist.
You are engulfed in blazing flames.
You resist.
You hear a shout! x2
Your Fighting skill increases to level 4!
Unknown command.
A centaur comes into view.
A centaur is nearby!
A centaur is nearby!
A centaur is nearby!
The centaur shouts!
The centaur wields a +0 shortbow.
The centaur shoots an arrow.
The arrow closely misses you.
Flames lash the centaur.
The centaur is lightly wounded.
The centaur's fire resistance burns away.
The centaur shoots an arrow.
The arrow hits you!
The centaur shoots an arrow.
The arrow hits you!
* * * LOW HITPOINT WARNING * * *
You are too injured to fight recklessly!
You are too injured to fight recklessly!
You are too injured to fight recklessly!
Casting: Scorch (safe; 1% risk of failure)
Confirm with . or Enter, or press ? or * to list all spells.
Flames lash the centaur.
The centaur is burned terribly!
The centaur is almost dead.
* * * LOW HITPOINT WARNING * * *
The centaur shoots an arrow.
The arrow hits you!
You die...

#.# #.......##
######### #.#
#.......#8#
###
###.#.#....
##.#......
#..##.......
#.###..#8###
.#######.....#
##
......†)...###
..........@#
...#.##.#..# .
# #.##..#
..##..c.
#.#...#### #.
.### .. #


You could see a centaur (combustible).

Vanquished Creatures
  Sigmund (D:2)
  Menkaure (D:4)
  2 sky beasts (D:5)
  A necrophage (D:4)
  An ogre (D:4)
  A scorpion (D:5)
  A centaur zombie (D:5)
  An orc priest (D:3)
  A hound (D:5)
  A bullfrog skeleton (D:4)
  Terence (D:3)
  2 iguanas
  An orc wizard (D:3)
  7 adders
  2 worms (D:2)
  5 dart slugs
  15 orcs
  A bat (D:1)
  3 endoplasms
  3 giant cockroaches
  3 goblins
  7 hobgoblins
  2 jackals (D:1)
  5 quokkas
  8 ball pythons
  2 frilled lizards (D:2)
  6 kobolds
  4 rats
88 creatures vanquished.

Vanquished Creatures (others)
  A frilled lizard (D:2)
  A plant (D:3)
2 creatures vanquished.

Grand Total: 90 creatures vanquished

Notes
Turn   | Place    | Note
-------+----------+-------------------------------------------
     0 | D:1      | Bruhh the Djinni Earth Elementalist began the quest for the
                  | Orb.
     0 | D:1      | Reached XP level 1. HP: 15/15 MP: 0/0
   121 | D:1      | Found a faded altar of an unknown god.
   310 | D:1      | Reached XP level 2. HP: 20/21 MP: 0/0
   667 | D:1      | Reached skill level 3 in Spellcasting
  1050 | D:2      | Found a glowing golden altar of the Shining One.
  1119 | D:2      | Became a worshipper of the Shining One
  1221 | D:2      | Reached XP level 3. HP: 25/25 MP: 0/0
  1221 | D:2      | Learned a level 1 spell: Foxfire
  1298 | D:2      | Noticed Sigmund
  1304 | D:2      | The Shining One protects you from harm!
  1305 | D:2      | Killed Sigmund
  1306 | D:2      | Reached skill level 4 in Spellcasting
  1306 | D:2      | Reached XP level 4. HP: 3/31 MP: 0/0
  1306 | D:2      | Reached XP level 5. HP: 3/35 MP: 0/0
  1306 | D:2      | Learned a level 2 spell: Scorch
  1681 | D:2      | Reached XP level 6. HP: 34/40 MP: 0/0
  2202 | D:2      | Reached skill level 5 in Spellcasting
  2486 | D:3      | Noticed Terence
  2504 | D:3      | Killed Terence
  3552 | D:3      | Found a hide-covered altar of Uskayaw.
  3614 | D:3      | Found a basalt altar of Yredelemnul.
  4438 | D:3      | Reached XP level 7. HP: 37/45 MP: 0/0
  4438 | D:3      | Learned a level 3 spell: Inner Flame
  4526 | D:3      | Found an opulent altar of Gozag.
  4672 | D:4      | Reached skill level 6 in Spellcasting
  5045 | D:4      | Found Qodong's Elemental Accessories.
  5437 | D:4      | Identified the +0 chain mail "Ahutamer" {*Corrode rPois rC+
                  | Str+4}
  5569 | D:4      | Noticed Menkaure
  5569 | D:4      | Reached * piety under the Shining One
  5573 | D:4      | Killed Menkaure
  5574 | D:4      | Reached XP level 8. HP: 46/50 MP: 0/0
  5774 | D:5      | Entered Level 5 of the Dungeon
  5790 | D:5      | Found an iron altar of Okawaru.
  5815 | D:5      | Reached skill level 7 in Spellcasting
  5815 | D:5      | Reached skill level 1 in Fighting
  6058 | D:5      | Shot with an arrow by a centaur

Illustrated notes

Levels and vault maps discovered:
D:1:      eino_arrival_water_cross, layout_basic,
          hellmonk_ecumenical_altar_inner_sanctum, serial_glass,
          glass_columns_b, glass_columns_a, bh_walls_and_bars
D:2:      minmay_inner_zag, layout_basic, basic_altar, lemuel_another_geyser,
          uniq_sigmund
D:3:      layout_basic, lemuel_crystal_altar,
          mainiacjoe_overflow_surrounded_room, mainiacjoe_overflow_chevrons,
          uniq_terence
D:4:      layout_basic, hangedman_decor_clover_reticule, st_stairs_10,
          nicolae_elemental_shop, uniq_menkaure
D:5:      layout_rooms, elyvilon_altar_3, mainiacjoe_overflow_brackets,
          minmay_temple_entry_slanted, serial_shops,
          nicolae_shop_hallway_stairs, serial_corexii_hall,
          chequers_hall_statues_wall_a, chequers_hall_statues_wall_a,
          corexii_hall_statues_deadend, interstate_on_off, serial_bayou_pond_e

Skill      XL: |  1  2  3  4  5  6  7  8 |
---------------+-------------------------+-----
Spellcasting   | 3 4 5 6 7 |  7.0
Fighting       | 4 |  4.0
Dodging        | |  2.1
Stealth        | |  1.5

Action                   |  1- 3 |  4- 6 |  7- 9 || total
-------------------------+-------+-------+-------++-------
Melee: Unarmed           |     2 |     1 |       ||     3
       Whip              |       |    21 |     3 ||    24
       Dagger            |       |    11 |       ||    11
 Cast: Sandblast         |    30 |    26 |       ||    56
       Scorch            |       |    34 |    47 ||    81
       Inner Flame       |       |       |     3 ||     3
  Use: Scroll            |       |     2 |       ||     2
       Potion            |       |     2 |       ||     2
Armor: Robe              |     3 |     6 |       ||     9
Dodge: Dodged            |     4 |    30 |     9 ||    43
